 Dungeon Crawl Stone Soup version 0.21-a0-143-g1ab7d47 (webtiles) character file.

2186 Leszczynek the Grappler (level 9, -3/84 HPs)
             Began as a Troll Skald on July 25, 2017.
             Was a Believer of Cheibriados.
             Slain by a queen bee (10 damage)
             ... on level 7 of the Dungeon.
             The game lasted 00:18:11 (2920 turns).

Leszczynek the Grappler (Troll Skald)               Turns: 2920, Time: 00:18:12

Health: -3/84      AC:  5    Str: 27    XL:     9   Next: 11%
Magic:  10/10      EV: 12    Int: 16    God:    Cheibriados [**....]
Gold:   253        SH:  0    Dex: 17    Spells: 2/10 levels left

rFire    . . .     SeeInvis .     - Unarmed
rCold    . . .     Gourm    +   (no shield)
rNeg     . . .     Faith    .   a - +0 robe
rPois    .         Spirit   .   (helmet restricted)
rElec    .         Reflect  .   (no cloak)
rCorr    .         Harm     .   (gloves unavailable)
MR       .....                  (boots unavailable)
Stlth    ++........             (no amulet)
HPRegen  0.64/turn              u - ring of wizardry
MPRegen  0.12/turn              (no ring)

@: lethally poisoned (-3 -> -4), very slow
A: unfitting armour, claws 3, fast metabolism 3, gourmand, regeneration 1,
shaggy fur 1, tough skin 2
a: Bend Time, Renounce Religion


You were on level 7 of the Dungeon.
You worshipped Cheibriados.
Cheibriados was pleased with you.
You were completely stuffed.

You visited 2 branches of the dungeon, and saw 10 of its levels.
You also visited: Ossuary.

You collected 253 gold pieces.

Inventory:

Hand Weapons
 s - a +0 hunting sling
Missiles
 w - 5 javelins (quivered)
 x - 10 tomahawks
 z - 2 steel tomahawks
Armour
 a - a +0 robe (worn)
Jewellery
 u - a ring of wizardry (left claw)
Wands
 t - a wand of paralysis (10/24)
Scrolls
 e - a scroll of magic mapping
 l - 3 scrolls of recharging {unknown}
 n - 3 scrolls of remove curse {@r2}
 r - a scroll of teleportation
Potions
 c - a potion of berserk rage {unknown}
 g - a potion of agility {unknown}
 h - 2 potions of curing {@q1}
 i - a potion of invisibility {unknown}
 m - a potion of mutation {unknown}
 q - a potion of brilliance {unknown}
 v - a potion of might
 A - a potion of heal wounds {unknown}
Books
 b - a book of Battle

   Spells                             Type                      Level
   a - Infusion                       Charms                       1
   b - Shroud of Golubria             Charms/Translocation         2
   c - Song of Slaying                Charms                       2
   d - Spectral Weapon                Hexes/Charms                 3
   e - Regeneration                   Charms/Necromancy            3
Comestibles
 d - 4 bread rations
 f - 3 royal jellies
 j - 2 fruits
 o - 2 meat rations


   Skills:
 + Level 3.7 Fighting
 + Level 4.0 Dodging
 + Level 9.7 Unarmed Combat
 - Level 1.2 Spellcasting
 - Level 2.0 Charms
 * Level 3.8 Invocations


You had 2 spell levels left.
You knew the following spells:

 Your Spells              Type           Power        Failure   Level  Hunger
a - Infusion              Chrm           #...         4%          1    ##.....
b - Shroud of Golubria    Chrm/Tloc      #.........   9%          2    ###....
c - Song of Slaying       Chrm           #.......     6%          2    ###....
q - Regeneration          Chrm/Necr      #.........   17%         3    ####...


Dungeon Overview and Level Annotations

Branches:
Dungeon (9/15)             Temple (1/1) D:4
   Lair: D:8-11         Orc: D:9-12

Altars:
Ashenzari
Cheibriados
Hepliaklqana
Makhleb
Okawaru
Vehumet
Xom
Zin

Shops:
D:8 [

Annotations:
D:4 KristoblXynda's ghost, amateur DrNe
D:6 Gorglomux's ghost, novice HOSu
D:9 Erolcha


Innate Abilities, Weirdness & Mutations

You are too large for most types of armour.
You have claws for hands.
Your metabolism is lightning-fast.
You like to eat raw meat.
Your natural rate of healing is unusually fast.
You are covered in fur. (AC +1)
You have very tough skin. (AC +2)


Message History

Unknown command.
The crimson imp blinks!
You see here a killer bee corpse.
A killer bee comes into view.
You feel sick. The queen bee stings you!
* * * LOW HITPOINT WARNING * * *
There is a stone staircase leading up, spattered with blood here.
Unknown command.
The killer bee buzzes angrily.
The queen bee stings you but does no damage.
You climb upwards.
There is a stone staircase leading down here.
Unknown command.
Press: ? - help, v - describe, . - travel
Here: a queen bee The floor.
The queen bee stings you!
* * * LOW HITPOINT WARNING * * *
The queen bee stings you!
You die...

# # # ####### ###
#.....#### #.#####
#........# #......
#.....##.# #.#####
##########
#.>y..##.# #.#
#........#
###@####.# #.#
#.######.# #.# #.#
#.#
#.#####.####.#####.#
#.........)........#
####################


You could see a queen bee.

Vanquished Creatures
  Sigmund (D:5)
  Menkaure (D:6)
  A hungry ghost (D:7)
  An ice beast (D:5)
  2 black bears
  2 centaurs
  2 ogres
  A bullfrog (D:5)
  A scorpion (D:8)
  8 killer bees (D:8)
  2 crimson imps
  A quasit (D:6)
  A hound (D:5)
  An orc priest (D:4)
  A bullfrog skeleton (D:8)
  4 orc wizards
  A centaur skeleton (D:4)
  Ijyb (D:3)
  2 iguanas
  5 worker ants
  11 adders
  A shadow imp (D:6)
  2 oozes
  3 dart slugs
  2 leopard geckos
  13 orcs
  2 ball pythons
  2 giant cockroaches
  11 goblins
  4 hobgoblins
  6 jackals (D:3)
  4 kobolds
  A quokka (D:8)
  4 bats
  3 frilled lizards
  A kobold skeleton (Ossuary)
  7 orc skeletons (Ossuary)
  A rat (D:3)
117 creatures vanquished.

Notes
Turn   | Place    | Note
-------+----------+-------------------------------------------
     0 | D:1      | Leszczynek the Troll Skald began the quest for the Orb.
     0 | D:1      | Reached XP level 1. HP: 19/19 MP: 1/1
   193 | D:2      | Reached XP level 2. HP: 27/27 MP: 2/2
   218 | D:2      | Learned a level 2 spell: Shroud of Golubria
   226 | D:2      | Reached skill level 3 in Unarmed Combat
   263 | D:3      | Reached XP level 3. HP: 31/33 MP: 3/3
   342 | D:3      | Reached skill level 4 in Unarmed Combat
   374 | D:3      | Reached XP level 4. HP: 39/41 MP: 4/4
   605 | D:4      | Noticed a centaur
   619 | D:3      | Killed a centaur
   619 | D:3      | Reached skill level 5 in Unarmed Combat
   619 | D:3      | Reached XP level 5. HP: 33/48 MP: 5/5
   690 | D:4      | Reached skill level 6 in Unarmed Combat
   884 | D:3      | Noticed Ijyb
   905 | D:3      | Killed Ijyb
   905 | D:3      | Reached XP level 6. HP: 55/55 MP: 6/6
   985 | D:3      | Learned a level 3 spell: Regeneration
   993 | D:4      | Noticed KristoblXynda's ghost (amateur DrNe)
  1061 | D:4      | Found a shattered altar of Ashenzari.
  1064 | D:4      | no no
  1064 | D:4      | not ash again
  1076 | D:4      | Found a staircase to the Ecumenical Temple.
  1082 | Temple   | Entered the Ecumenical Temple
  1090 | Temple   | makh or chei
  1097 | Temple   | Became a worshipper of Cheibriados the Contemplative
  1195 | D:4      | Reached skill level 7 in Unarmed Combat
  1245 | D:5      | Entered Level 5 of the Dungeon
  1283 | D:5      | Found a sand-covered staircase.
  1290 | D:5      | Noticed Sigmund
  1328 | D:5      | Killed Sigmund
  1328 | D:5      | Reached XP level 7. HP: 35/62 MP: 7/7
  1376 | D:5      | Reached skill level 8 in Unarmed Combat
  1445 | Ossuary  | Entered an ossuary
  1445 | Ossuary  | Noticed a wraith
  1445 | Ossuary  | Noticed a wraith
  1445 | Ossuary  | Noticed a wraith
  1446 | Ossuary  | huh?
  1470 | Ossuary  | Reached * piety under Cheibriados
  1474 | Ossuary  | Noticed Tungsten's ghost (amateur HOFE)
  1474 | Ossuary  | fuck
  1479 | D:5      | no fun allowed
  1608 | D:5      | Reached skill level 2 in Dodging
  1701 | D:5      | Reached skill level 2 in Fighting
  1732 | D:6      | Noticed Gorglomux's ghost (novice HOSu)
  1732 | D:6      | what, ANOTHER one?
  1752 | D:5      | Reached skill level 9 in Unarmed Combat
  1752 | D:5      | Reached XP level 8. HP: 72/72 MP: 8/8
  1825 | D:5      | HP: 13/72 [centaur/arrow (6)]
  1825 | D:5      | HP: 5/72 [centaur/arrow (8)]
  2010 | D:6      | Reached skill level 1 in Invocations
  2025 | D:6      | Noticed Menkaure
  2033 | D:6      | Killed Menkaure
  2033 | D:6      | Reached skill level 3 in Dodging
  2102 | D:6      | Reached skill level 2 in Invocations
  2125 | D:6      | Reached skill level 3 in Fighting
  2270 | D:7      | Reached ** piety under Cheibriados
  2360 | D:8      | Found Qucheuc's Armour Shop.
  2653 | D:9      | Noticed Erolcha
  2675 | D:8      | Learned a level 2 spell: Song of Slaying
  2692 | D:8      | Reached skill level 3 in Invocations
  2699 | D:8      | Found a snail-covered altar of Cheibriados.
  2866 | D:8      | Reached XP level 9. HP: 44/83 MP: 10/10
  2904 | D:8      | Noticed a queen bee
  2906 | D:8      | Reached skill level 4 in Dodging
  2920 | D:7      | HP: 7/84 [queen bee (16)]
  2920 | D:7      | Slain by a queen bee

Vault maps used:
D:1:      dpeg_arrival_snail
D:3:      kennysheep_goblin_castle, grunt_decor_mini_mirrors
D:4:      minmay_temple_entry_fiery, minmay_crystal_room, ashenzari_altar_1
D:5:      nicolae_ossuary_entry_monument, first_bread, uniq_sigmund
D:6:      serial_bayou_lake_a, uniq_menkaure
D:7:      lemuel_coloured_pillars_altar
D:8:      serial_shops, nicolae_shop_waterfront, david_nohive_1,
          minmay_misc_feat_square, cheibrodos_worm_habitat
D:9:      hangedman_cross_veins, kennysheep_generic_room_9, uniq_erolcha
Temple:   nicolae_temple_the_god_donut
Ossuary:  ossuary_due_mausoleum

Skill      XL: |  1  2  3  4  5  6  7  8  9 |
---------------+----------------------------+-----
Unarmed Combat | 3 4 5 6 7 9 |  9.7
Dodging        | 2 3 4 |  4.0
Fighting       | 2 3 |  3.7
Invocations    | 3 |  3.8
Spellcasting   | |  1.2
Charms         | |  2.0

Action                   |  1- 3 |  4- 6 |  7- 9 || total
-------------------------+-------+-------+-------++-------
Melee: Unarmed           |    63 |   110 |   163 ||   336
       Punch             |     1 |     4 |     5 ||    10
Throw: Javelin           |       |       |     1 ||     1
 Cast: Shroud of Golubri |     1 |     1 |     3 ||     5
  Use: Scroll            |       |     4 |     2 ||     6
       Potion            |       |       |     6 ||     6
 Stab: Sleeping          |       |     1 |       ||     1
  Eat: Chunk             |     9 |     9 |    15 ||    33
Armor: Robe              |    29 |    27 |    56 ||   112
       Skin              |       |       |    18 ||    18
Dodge: Dodged            |    40 |    43 |   101 ||   184
